 Dungeon Crawl Stone Soup version 0.17-a0-1946-gfb768fe (webtiles) character file.

446172 wvc the Slayer (level 23, -3/207 HPs)
             Began as a Mummy Fighter on Oct 1, 2015.
             Was an Initiate of Gozag.
             Slain by a caustic shrike (21 damage)
             ... on level 4 of the Depths.
             The game lasted 02:57:29 (67552 turns).

wvc the Slayer (Mummy Fighter)                     Turns: 67552, Time: 02:57:31

Health: -3/207     AC: 32    Str: 23    XL:     23   Next: 11%
Magic:  29/29      EV: 15    Int: 12    God:    Gozag
Gold:   3964       SH: 15    Dex: 22    Spells: 1 memorised, 20 levels left

rFire  . . .     SeeInvis +     F - +9 demon whip (freeze)
rCold  + + .     Clarity  .     q - +6 plate armour of Gaykebue {rElec rC+ Dex+2}
rNeg   + + +     SustAt   .     n - +0 shield {reflect}
rPois  ∞         Gourm    .     C - +0 hat {SInv}
rElec  +         Spirit   .     D - +2 cloak
rCorr  .         Warding  +     A - +2 pair of gloves {Str+3}
rMut   .         Stasis   .     b - +2 pair of boots of Qazlal's Reproof {MR++ Int+4}
MR     ++++.                    L - amulet of warding
Stlth  ..........               e - ring "Usamef" {+Fly rF+}
                                P - +6 ring of protection

@: about to teleport, corroded equipment, incredibly resistant to hostile
enchantments, extremely unstealthy
A: no food or potions, fire vulnerability, cold resistance 1, negative energy
resistance 3, torment resistance, unbreathing, in touch with death 1, restore
body
a: Self-Restoration, Potion Petition, Call Merchant, Bribe Branch, Renounce
Religion, Evoke Flight
}: 2/15 runes: serpentine, barnacled


You were on level 4 of the Depths.
You worshipped Gozag.
Gozag was noncommittal.
You were not hungry.

You visited 8 branches of the dungeon, and saw 46 of its levels.
You visited 1 bazaar.
You also visited: Ice Cave and Wizlab.

You collected 25964 gold pieces.
You spent 9028 gold pieces at shops.
You paid 12972 gold pieces to Gozag.

Inventory:

Hand weapons
 F - a +9 demon whip of freezing (weapon)
Missiles
 d - 13 throwing nets (quivered)
Armour
 b - the +2 pair of boots of Qazlal's Reproof (worn) {MR++ Int+4}
   (You bought it in a shop on level 4 of the Orcish Mines)

   It affects your intelligence (+4).
   It affects your resistance to hostile enchantments.
 n - a +0 shield of reflection (worn)
 q - the +6 plate armour of Gaykebue (worn) {rElec rC+ Dex+2}
   (You bought it in a shop on level 4 of the Orcish Mines)

   It affects your dexterity (+2).
   It protects you from cold.
   It insulates you from electricity.
 y - a fire dragon hide
 A - a +2 pair of gloves of strength (worn)
 C - a +0 hat of see invisible (worn)
 D - a +2 cloak (worn)
Jewellery
 c - the ring "Fijevujorot" {+Blink +Fly AC+4}
   (You found it on level 4 of the Shoals)

   [ring of protection]

   It affects your AC (+4).
   It lets you fly.
   It lets you blink.
 e - the ring "Usamef" (right hand) {+Fly rF+}
   (You found it on level 1 of the Depths)

   [ring of protection from fire]

   It protects you from fire.
   It lets you fly.
 s - an uncursed amulet of stasis
 u - a cursed ring of teleportation
 L - an amulet of warding (around neck)
 P - a +6 ring of protection (left hand)
Magical devices
 a - a wand of digging (9)
 g - a wand of heal wounds (1)
 k - a wand of flame (19)
 m - a wand of confusion (28)
 v - a wand of lightning (5)
 z - a wand of draining (9)
Scrolls
 f - 3 scrolls of torment
 h - 7 scrolls of enchant armour
 j - 8 scrolls of enchant weapon
 p - 7 scrolls of amnesia
 r - 2 scrolls of immolation
 w - 25 scrolls of remove curse
 x - 9 scrolls of magic mapping
 B - 4 scrolls of fog
 G - 7 scrolls of identify
 N - 7 scrolls of blinking
 Q - 3 scrolls of recharging
Miscellaneous
 i - an ornate deck of changes {the Helix}
 R - 2 phantom mirrors


   Skills:
 + Level 23.5 Fighting
 - Level 14.1 Maces & Flails
 + Level 16.0 Armour
 + Level 10.4 Dodging
 - Level 15.4 Shields
 - Level 8.0 Evocations


You had 20 spell levels left.
You knew the following spells:

 Your Spells              Type           Power        Failure   Level  Hunger
a - Repel Missiles        Chrm/Air       #.....       100%        2    N/A

Dungeon Overview and Level Annotations

Branches:
Dungeon (15/15)            Temple (0/1) D:6            Lair (8/8) D:9
 Shoals (4/4) Lair:6        Snake (4/4) Lair:3        Slime (0/6) Lair:8
    Orc (4/4) D:10            Elf (3/3) Orc:3        Vaults (4/5) D:13
  Crypt (0/3) Vaults:2     Depths (4/5) D:15

Altars:
Elyvilon
Fedhas
Gozag
Kikubaaqudgha
Nemelex Xobeh
Okawaru
Qazlal
Trog
Vehumet
Yredelemnul
Zin
The Shining One
Jiyva

Shops:
D:4 (%:*   D:7 *   D:10 !   D:12 (   D:14 [   D:15 =[   Orc:1 *   Orc:3 =
Orc:4 [}(}   Elf:3 %   Shoals:3 (   Snake:3 :   Vaults:1 *=:?   Vaults:2 **
Vaults:3 [   Vaults:4 [   Depths:3 [   Depths:4 [   Depths:5 (

Portals:
Hell: Depths:1 Depths:2 Depths:3
Abyss: Depths:2 Depths:3
Pandemonium: Depths:3
Trove: D:14 (give +3 storm dragon armour)

Annotations:
Lair:8 1 runed door
Shoals:1 exclusion: oklob plant
Elf:2 3 runed doors
Depths:1 exclusions: orange crystal statue and 1 more exclusion


Innate Abilities, Weirdness & Mutations

You do not eat or drink.
Your flesh is vulnerable to fire.
You are immune to poison.
Your flesh is cold resistant.
You are immune to negative energy.
You are immune to unholy pain and torment.
You can survive without breathing.
You are in touch with the powers of death.
You can restore your body by infusing magical energy.


Message History

You miss the caustic shrike.
The caustic shrike is almost dead.
The caustic shrike claws you.
* * * LOW HITPOINT WARNING * * *
You are splashed with acid!
The acid burns!
* * * LOW HITPOINT WARNING * * *
The caustic shrike claws you.
* * * LOW HITPOINT WARNING * * *
You are splashed with acid!
The acid burns!
* * * LOW HITPOINT WARNING * * *
Read which item? (? for menu, Esc to quit)
As you read the scroll of teleportation, it crumbles to dust.
You feel strangely unstable. The caustic shrike closely misses you.
The caustic shrike claws you!
* * * LOW HITPOINT WARNING * * *
You are splashed with acid!
The acid burns!
* * * LOW HITPOINT WARNING * * *
The caustic shrike claws you!!
You die...
Your body crumbles into a pile of gold.

##### #......#**,,,,,,** ###...#
#.....##.,,,,,,,,** ##.#...###
#.......,.,,,,,,,,*
##........###.....#,..,,,,,,,***
#.......#.......?.#.#,,>,,,,,*,*
###....##............#****,**,,,*
...#..#...............,*,,,*,,***
......#......$.$b####*,,,,,*,,,*,
.....#.........b@#,,,***,,,*,,,,,
.....#.#....#.####,,,,,,,,,,,,<*,
....#..#....#...,,,,,,*******,,*,
....#..#....#....******$,,,$*,,,,
..##.^.###..#....*,,,,***+*******
##...#...##.#b.##**+***,,,,,*,,,,
.....:#.....bb,*,*,,,,*,,,,,***+*
......###.....,*,+,,,,+,,*,,*,,,,
(....##......#,*,*,,,,*,,⌠,,+,,,,


You could see 2 caustic shrikes.

Vanquished Creatures
  Mara (Vaults:3)
  A juggernaut (Depths:3)
  Frederick (Vaults:3)
  Norris (Depths:1)
  Saint Roka (Snake:4)
  The ghost of Sar the Slayer, a great OpBe of Trog (Depths:2)
  3 caustic shrikes (Depths:4)
  Nikola (Snake:1)
  Jorgrun (Snake:3)
  A lich (Depths:3)
  Rupert (D:13)
  Asterion (Snake:1)
  A titan (Depths:3)
  2 deep elf blademasters (Elf:3)
  A deep elf master archer (Elf:3)
  3 sphinxes
  2 krakens (Shoals:4)
  A quicksilver dragon (Depths:4)
  Polyphemus (Shoals:2)
  Gastronok (D:8)
  Agnes (Snake:4)
  8 greater nagas
  Roxanne (Elf:3)
  2 tengu reavers
  A storm dragon (Vaults:3)
  Ilsuiw (Shoals:4)
  A fire giant (Vaults:1)
  Donald (Snake:4)
  4 vault wardens
  2 frost giants
  Aizul (Snake:1)
  Louise (Shoals:3)
  10 deep elf sorcerers
  14 very ugly things
  11 ironheart preservers
  4 vampire knights
  16 stone giants
  The ghost of 4thArraOfDagon the Severer, a powerful MiBe of Trog (Shoals:3)
  5 deep elf demonologists
  5 deep elf annihilators (Elf:3)
  Azrael (D:14)
  4 merfolk javelineers
  8 ettins
  2 blizzard demons (IceCv)
  4 deep elf death magi
  8 great orbs of eyes
  Josephine (D:14)
  5 fire dragons
  9 merfolk impalers
  7 yaktaur captains
  The ghost of Typee the Abyss-Baptised, a powerful DsAK of Lugonu (Orc:4)
  Erolcha (D:8)
  2 deep elf high priests
  Harold (Orc:3)
  4 catoblepae
  An entropy weaver (Depths:2)
  A spriggan air mage (Depths:3)
  10 anacondas
  2 rakshasas (Depths:2)
  17 naga warriors
  16 ogre magi
  6 ice dragons
  6 hydras
  Erica (Lair:2)
  4 merfolk avatars
  8 deep troll shamans
  12 centaur warriors
  10 death yaks
  2 vampire magi (Depths:2)
  4 merfolk aquamancers
  An alligator snapping turtle (Shoals:1)
  7 tengu warriors
  15 naga sharpshooters
  5 orc high priests (Orc:4)
  5 deep troll earth magi
  Urug (D:13)
  An iron golem (WizLab)
  9 shock serpents
  17 deep elf knights
  12 hell knights
  A shadow wraith (Vaults:2)
  2 flayed ghosts
  8 ice devils
  2 fire crabs
  12 sea snakes
  2 wizards (Depths:2)
  A salamander mystic (Depths:1)
  5 unseen horrors
  26 deep trolls
  6 deep elf summoners
  11 large abominations
  7 ironbrand convokers
  4 ice statues (IceCv)
  2 harpies (shapeshifter)
  5 naga ritualists
  Pikel (D:5)
  6 hill giants
  23 harpies
  5 giant orange brains
  15 orc knights
  A wolf spider (shapeshifter) (WizLab)
  11 deep elf conjurers
  An anubis guard (shapeshifter) (D:13)
  15 griffons
  7 necromancers
  9 mana vipers
  4 hornets
  A hornet (shapeshifter) (Vaults:4)
  7 manticores
  2 orc sorcerers
  37 ugly things
  7 fauns
  5 cyclopes
  2 rust devils (Depths:2)
  A mana viper (shapeshifter) (Vaults:4)
  13 salamanders
  5 wolf spiders
  11 sirens
  4 water nymphs
  42 black mambas
  A moth of wrath (shapeshifter) (Vaults:3)
  2 octopodes (shapeshifter)
  40 naga magi
  A centaur zombie (D:12)
  7 guardian serpents
  6 elephants (Lair:5)
  An orange demon (Depths:2)
  A gargoyle (D:9)
  8 vault sentinels
  A spiny frog (shapeshifter) (Depths:3)
  43 yaktaurs
  2 kobold demonologists
  17 spiny frogs
  A yaktaur (shapeshifter) (Depths:1)
  8 komodo dragons
  2 tengu conjurers
  4 anaconda simulacra (IceCv)
  2 hellwings (Depths:1)
  32 merfolk
  14 deep elf priests
  7 trolls
  A polar bear (shapeshifter) (Depths:3)
  A queen bee (shapeshifter) (D:13)
  7 freezing wraiths
  A two-headed ogre (shapeshifter) (Elf:1)
  15 polar bears
  Grinder (D:3)
  25 two-headed ogres
  3 wind drakes
  6 blink frogs
  Prince Ribbit (D:9)
  4 blue devils (IceCv)
  13 slime creatures
  3 boulder beetles
  A raiju (Lair:8)
  A trapdoor spider (D:14)
  7 redbacks
  7 wraiths
  A blink frog (shapeshifter) (Vaults:3)
  A trapdoor spider (shapeshifter) (Elf:1)
  6 snapping turtles
  A spriggan (shapeshifter) (Vaults:3)
  32 deep elf fighters
  33 deep elf magi
  3 tarantellas
  A dire elephant simulacrum (IceCv)
  10 water elementals
  A chaos spawn (Depths:2)
  A spriggan (Lair:5)
  8 wyverns
  Eustachio (D:5)
  3 fire elementals (D:14)
  17 vampire mosquitoes
  The ghost of Typee the Abyss-Baptised, an average DsAK of Lugonu (D:4)
  4 basilisks
  2 hungry ghosts
  42 yaks
  Menkaure (D:5)
  15 hippogriffs
  A hippogriff (shapeshifter) (Depths:2)
  A hog (D:8)
  2 iron troll simulacra (IceCv)
  2 harpy simulacra (IceCv)
  16 hell hounds
  A steam dragon (D:9)
  A soldier ant (Depths:1)
  4 insubstantial wisps (Lair:4)
  12 wargs
  34 water moccasins
  17 wolves
  A soldier ant (shapeshifter) (Depths:3)
  14 porcupines
  Duvessa (D:5)
  3 ice beasts
  3 mottled dragons
  46 orc warriors
  41 nagas
  A slave (D:5)
  12 spiders
  An ettin simulacrum (IceCv)
  19 black bears
  An eye of draining (shapeshifter) (Vaults:1)
  70 ogres
  3 phantoms
  10 small abominations
  2 wasps
  21 crocodiles
  5 sky beasts
  A tengu (shapeshifter) (WizLab)
  A necrophage (D:9)
  13 boggarts
  21 centaurs
  A big kobold (D:8)
  2 brain worms
  2 elf zombies (Elf:1)
  16 giant frogs
  A wyvern zombie (D:11)
  Dowan (D:5)
  A water moccasin zombie (D:12)
  A wyvern skeleton (D:9)
  A troll zombie (D:10)
  4 scorpions
  6 killer bees
  5 electric eels
  21 wights
  11 crimson imps
  4 giant frog zombies
  A wasp zombie (D:7)
  5 centaur skeletons
  Crazy Yiuf (D:3)
  44 orc priests
  2 quasits
  Ijyb (D:2)
  A jelly (D:7)
  37 orc wizards
  18 hounds
  5 giant frog skeletons
  7 iguanas
  5 sheep (Lair:7)
  11 worker ants
  7 ogre zombies (D:10)
  A hound zombie (D:5)
  A hound skeleton (D:4)
  27 adders
  3 worker ant zombies
  41 river rats
  4 shadow imps
  An ooze (D:2)
  2 adder skeletons
  3 worms
  7 giant geckos
  164 orcs
  5 giant cockroaches
  7 goblins
  4 hobgoblins
  7 jackals
  4 quokkas
  2 ball pythons (D:3)
  7 bats
  2 giant gecko skeletons
  A giant gecko zombie (D:9)
  6 giant newts
  3 goblin skeletons (D:10)
  4 goblin zombies (D:10)
  A hobgoblin skeleton (D:10)
  A hobgoblin zombie (D:10)
  A jackal skeleton (D:4)
  13 kobolds
  2 orc skeletons (D:10)
  14 orc zombies (D:10)
  A quokka skeleton (D:8)
  A quokka zombie (D:8)
  14 rats
  A spectral orc (D:3)
  A fungus (Lair:6)
  A plant (Shoals:4)
  9 tentacles (Shoals:4)
2126 creatures vanquished.

Vanquished Creatures (collateral kills)
  A naga (Snake:4)
  2 orcs (Orc:4)
3 creatures vanquished.

Vanquished Creatures (others)
  A deep elf master archer (Elf:3)
  3 merfolk javelineers
  A yaktaur captain (Vaults:1)
  A hydra (D:14)
  A naga warrior (Snake:4)
  3 dancing weapons (Elf:2)
  A merfolk aquamancer (Shoals:1)
  A naga sharpshooter (Snake:4)
  A satyr (Shoals:2)
  A cyclops (D:15)
  2 black mambas
  3 yaktaurs
  A merfolk (Shoals:4)
  2 ogres
  A centaur (Depths:2)
  An orc priest (Vaults:4)
  A bush (Lair:7)
  20 fungi
  18 plants
  24 tentacles (Shoals:4)
  466 tentacle segments (Shoals:4)
553 creatures vanquished.

Grand Total: 2682 creatures vanquished

Notes
Turn   | Place    | Note
--------------------------------------------------------------
     0 | D:1      | wvc the Mummy Fighter began the quest for the Orb.
     0 | D:1      | Reached XP level 1. HP: 18/18 MP: 1/1
   227 | D:1      | Reached XP level 2. HP: 22/24 MP: 2/2
   806 | D:2      | Reached XP level 3. HP: 26/29 MP: 3/3
   907 | D:2      | Found a sparkling altar of Nemelex Xobeh.
   998 | D:2      | Noticed Ijyb
  1062 | D:2      | Killed Ijyb
  1062 | D:2      | Reached XP level 4. HP: 20/35 MP: 4/4
  1506 | D:2      | Reached skill level 4 in Maces & Flails
  1704 | D:3      | Found an opulent altar of Gozag.
  1864 | D:3      | Became a worshipper of Gozag Ym Sagoz the Greedy
  1923 | D:3      | Noticed Grinder
  1942 | D:3      | Reached XP level 5. HP: 26/41 MP: 5/5
  1997 | D:3      | Paralysed by Grinder for 4 turns
  2009 | D:3      | Killed Grinder
  2009 | D:3      | Reached skill level 5 in Maces & Flails
  2009 | D:3      | Reached XP level 6. HP: 16/47 MP: 6/6
  2608 | D:3      | Found a basalt altar of Yredelemnul.
  2713 | D:3      | Noticed Crazy Yiuf
  2725 | D:3      | Killed Crazy Yiuf
  2725 | D:3      | Reached skill level 6 in Maces & Flails
  2869 | D:4      | Noticed Typee's ghost (average DsAK)
  2900 | D:4      | Killed Typee's ghost
  2900 | D:4      | Reached XP level 7. HP: 22/52 MP: 7/7
  3131 | D:4      | Found Qilloepp's Food Shop.
  3157 | D:4      | Found Tesiuhiu's Assorted Antiques.
  3184 | D:4      | Found a bloodstained altar of Trog.
  3205 | D:4      | Reached skill level 7 in Maces & Flails
  3510 | D:4      | Bought a scroll of identify for 36 gold pieces
  3510 | D:4      | Bought a runed whip for 45 gold pieces
  3510 | D:4      | Bought a curved bone wand for 72 gold pieces
  3510 | D:4      | Bought a scroll labeled ZERILA LOEM for 18 gold pieces
  3510 | D:4      | Bought a scroll of identify for 36 gold pieces
  3517 | D:4      | Found Yrphujob's Book Emporium.
  3605 | D:4      | Found Lonamo's Weapon Shop.
  3652 | D:4      | Bought a +2 whip of electrocution for 200 gold pieces
  3707 | D:5      | Entered Level 5 of the Dungeon
  3984 | D:5      | Reached XP level 8. HP: 39/58 MP: 8/8
  3986 | D:5      | Reached skill level 8 in Maces & Flails
  4107 | D:5      | Noticed Dowan
  4108 | D:5      | Noticed Duvessa
  4120 | D:5      | Killed Duvessa
  4122 | D:5      | Killed Dowan
  4161 | D:5      | Found a glowing golden altar of the Shining One.
  4161 | D:5      | Noticed Eustachio
  4172 | D:5      | Killed Eustachio
  4280 | D:5      | Noticed Pikel
  4305 | D:5      | Killed Pikel
  4305 | D:5      | Reached skill level 9 in Maces & Flails
  4391 | D:5      | Found a stormy altar of Qazlal.
  4438 | D:5      | Found a glowing silver altar of Zin.
  4456 | D:5      | Noticed Menkaure
  4461 | D:5      | Killed Menkaure
  4461 | D:5      | Reached skill level 10 in Maces & Flails
  4461 | D:5      | Reached XP level 9. HP: 59/63 MP: 9/9
  4634 | D:6      | Found a staircase to the Ecumenical Temple.
  4761 | D:6      | Found an iron altar of Okawaru.
  5440 | D:7      | Found Oceimuz's Assorted Antiques.
  5443 | D:7      | Bought a scroll labeled DEHIHU VEHE for 31 gold pieces
  5443 | D:7      | Bought 2 scrolls of magic mapping for 217 gold pieces
  5443 | D:7      | Bought a runed cloak for 139 gold pieces
  5795 | D:7      | Reached skill level 11 in Maces & Flails
  6377 | D:8      | Noticed Gastronok
  6406 | D:8      | Killed Gastronok
  6406 | D:8      | Reached skill level 12 in Maces & Flails
  6406 | D:8      | Reached XP level 10. HP: 20/70 MP: 10/10
  6680 | D:8      | Found a white marble altar of Elyvilon.
  6755 | D:8      | Found a huge runed gate.
  7271 | D:8      | Reached skill level 13 in Maces & Flails
  7274 | D:8      | Found a huge runed gate.
  7274 | D:8      | Noticed a griffon
  7275 | D:8      | Found a huge runed gate.
  7275 | D:8      | Found a huge runed gate.
  7276 | D:8      | Noticed a griffon
  7660 | D:8      | Killed a griffon
  7747 | D:8      | Reached XP level 11. HP: 68/75 MP: 11/11
  7876 | D:8      | Reached skill level 14 in Maces & Flails
  7910 | D:8      | Killed a griffon
  8056 | D:8      | Noticed Erolcha
  8067 | D:8      | Killed Erolcha
  8067 | D:8      | Reached skill level 1 in Dodging
  8959 | D:9      | Noticed Prince Ribbit
  9298 | D:9      | Found a staircase to the Lair.
 10063 | D:9      | Killed Prince Ribbit
 10393 | D:9      | Reached skill level 5 in Shields
 10770 | D:10     | Entered Level 10 of the Dungeon
 10912 | Lair:1   | Entered Level 1 of the Lair of Beasts
 11645 | Lair:1   | Identified a scroll of acquirement
 11706 | Lair:2   | Noticed Erica
 11719 | Lair:2   | Killed Erica
 11719 | Lair:2   | Reached XP level 12. HP: 80/85 MP: 12/12
 11853 | Lair:2   | Noticed a six-headed hydra
 11879 | Lair:2   | Killed a six-headed hydra
 11879 | Lair:2   | Reached skill level 5 in Fighting
 12283 | Lair:2   | Got an ancient spear
 12284 | Lair:2   | Identified the +5 spear of Victory {freeze, *Contam rC+ Str+4 Stlth+} (You found it on level 2 of the Lair of Beasts)
 12905 | Lair:3   | Found a staircase to the Snake Pit.
 13323 | Lair:3   | Noticed a five-headed hydra
 13331 | Lair:3   | Killed a five-headed hydra
 13331 | Lair:3   | Reached skill level 5 in Armour
 14131 | Lair:4   | Noticed a four-headed hydra
 14364 | Lair:4   | Reached skill level 5 in Dodging
 14855 | Lair:4   | Killed a four-headed hydra
 14974 | Lair:4   | Noticed a catoblepas
 14990 | Lair:4   | Killed a catoblepas
 15138 | Lair:4   | Gained mutation: You are in touch with the powers of death. [Mummy growth]
 15138 | Lair:4   | Gained mutation: You can restore your body by infusing magical energy. [Mummy growth]
 15138 | Lair:4   | Reached XP level 13. HP: 86/95 MP: 13/13
 15743 | Lair:5   | Identified the Handbook of Translocation and Battle Magic
 16845 | Lair:6   | Found a staircase to the Shoals.
 16929 | Lair:6   | Learned a level 2 spell: Repel Missiles
 19859 | Lair:8   | Entered Level 8 of the Lair of Beasts
 20348 | Lair:8   | Reached XP level 14. HP: 73/106 MP: 14/14
 20397 | Lair:8   | Reached skill level 10 in Shields
 21281 | Lair:7   | Got a pair of crude boots
 21292 | Lair:7   | Identified the +0 pair of boots of Twilight {rC- rN+ Slay+2 Stlth+} (You acquired it on level 7 of the Lair of Beasts)
 21675 | Lair:8   | Found a runed door.
 21675 | Lair:8   | Found a viscous altar of Jiyva.
 21675 | Lair:8   | Found a staircase to the Slime Pits.
 21675 | Lair:8   | Noticed an acid blob
 21675 | Lair:8   | Noticed an acid blob
 22268 | Lair:8   | Reached skill level 10 in Fighting
 22762 | D:10     | Found a staircase to the Orcish Mines.
 23058 | D:10     | Found Rapaf's Distillery.
 23579 | D:11     | Got a shimmering great mace
 23583 | D:11     | Got a bloodstained robe
 23598 | D:11     | Identified the +2 great mace of Quick Death {drain, rElec Dex+2 Stlth+} (You found it on level 11 of the Dungeon)
 23602 | D:11     | Identified the +2 robe of Autumn {*Drain rPois Int+5} (You found it on level 11 of the Dungeon)
 24449 | Orc:1    | Entered Level 1 of the Orcish Mines
 25119 | Orc:1    | Found Tiut's Assorted Antiques.
 25129 | Orc:1    | Bought a scroll of enchant armour for 277 gold pieces
 25129 | Orc:1    | Bought 2 scrolls of fear for 259 gold pieces
 25129 | Orc:1    | Bought a scroll labeled JIURGH VUHUL for 37 gold pieces
 25129 | Orc:1    | Bought a scroll of blinking for 277 gold pieces
 25129 | Orc:1    | Bought a scroll of enchant weapon for 277 gold pieces
 25129 | Orc:1    | Bought a runed leather armour for 74 gold pieces
 25129 | Orc:1    | Bought a scroll of identify for 74 gold pieces
 25785 | Orc:3    | Noticed Harold
 25808 | Orc:3    | Killed Harold
 25826 | Orc:3    | Found a staircase to the Elven Halls.
 26206 | Orc:3    | Found Izuwic's Jewellery Emporium.
 26533 | Orc:4    | Entered Level 4 of the Orcish Mines
 26566 | Orc:4    | Noticed Typee's ghost (powerful DsAK)
 26588 | Orc:4    | Killed Typee's ghost
 26669 | Orc:4    | Reached XP level 15. HP: 115/117 MP: 15/15
 28593 | Orc:4    | Found Beuxe Hoo's Gadget Emporium.
 28596 | Orc:4    | Found Kicic's Gadget Emporium.
 28597 | Orc:4    | Found Foewnon's Armour Emporium.
 28598 | Orc:4    | Found Qyrec's Weapon Shoppe.
 28601 | Orc:4    | Bought the +2 pair of boots of Qazlal's Reproof {MR++ Int+4} for 459 gold pieces
 28614 | Orc:4    | Bought a wand of heal wounds (6) for 780 gold pieces
 28624 | Orc:4    | wvc: hi
 28624 | Orc:4    | ololoev: yo
 28624 | Orc:4    | ololoev: nice plate
 28624 | Orc:4    | wvc: hah...
 28624 | Orc:4    | wvc: gayyyyy
 28624 | Orc:4    | ololoev: # pls
 28624 | Orc:4    | wvc: лучше чем +8 плейт с пондерусом?
 28624 | Orc:4    | Bought the +6 plate armour of Gaykebue {rElec rC+ Dex+2} for 938 gold pieces
 28634 | Orc:4    | ololoev: подумал какого черта ты в орках насобирал 5.5кусков, потом понял что ты жид
 28636 | Orc:4    | ololoev: думаю лучше, +2 АС погоды не сделают
 28813 | D:11     | wvc: что с еврейскими абилками делать?
 28813 | D:11     | ololoev: я обычно звал магазины на то, чего мне не особо хватает
 28813 | D:11     | ololoev: ну и там пойла пить если опасно
 28813 | D:11     | ololoev: браяб не юзал, вроде как он крутой становится сейчас
 28813 | D:11     | ololoev: *брайб
 28813 | D:11     | ololoev: сделай #
 28813 | D:11     | wvc: привык переключать раскладку по капсу, а сейчас на работе сижу
 28849 | D:12     | Found Cireq's Weapon Boutique.
 28864 | D:12     | ololoev: погоди
 28864 | D:12     | ololoev: как +9 демнвип фриза у тебя оказался?
 28864 | D:12     | wvc: наакварил
 28864 | D:12     | ololoev: ммм файерстартер
 28864 | D:12     | ololoev: всегда хотел с ним поиграть
 28864 | D:12     | wvc: twisted firestarter
 28864 | D:12     | wvc: на огре охуенно заходит, на мумии даже не знаю
 28864 | D:12     | wvc: ещё и Снайпер
 29135 | D:12     | Got a smoking shield
 29136 | D:12     | Identified the cursed -1 shield "Porouf" {Int+2} (You found it on level 12 of the Dungeon)
 29937 | D:13     | Found a gate to the Vaults.
 30465 | D:14     | Found Humydiz's Armour Shoppe.
 30713 | D:14     | Noticed Azrael
 30722 | D:14     | Killed Azrael
 30820 | D:14     | Noticed Josephine
 30827 | D:14     | Killed Josephine
 30990 | D:14     | Noticed Urug
 30990 | D:14     | Noticed Rupert
 31044 | D:13     | Killed Rupert
 31059 | D:13     | Killed Urug
 31456 | D:14     | Found a portal to a secret trove of treasure.
 31768 | Snake:1  | Entered Level 1 of the Snake Pit
 31775 | Snake:1  | Noticed Aizul
 31800 | Snake:1  | Killed Aizul
 31833 | Snake:1  | Noticed Asterion
 32014 | Snake:1  | Noticed Nikola
 32188 | Snake:1  | Killed Asterion
 32188 | Snake:1  | Reached XP level 16. HP: 109/127 MP: 16/16
 32448 | D:12     | Bought the +6 mace of Annihilation {venom, rElec Str+4 Int-4 Stlth+} for 756 gold pieces
 32716 | Snake:1  | Killed Nikola
 35060 | Snake:2  | Got a jade-encrusted ring mail
 35061 | Snake:2  | Identified the +3 ring mail "Gusunu" {Dex+6} (You found it on level 2 of the Snake Pit)
 35952 | Snake:3  | Noticed Jorgrun
 35978 | Snake:3  | Killed Jorgrun
 35978 | Snake:3  | Reached XP level 17. HP: 112/137 MP: 17/17
 36316 | Snake:3  | Reached skill level 15 in Shields
 36573 | Snake:3  | Found Joakh's Book Shop.
 36758 | Snake:4  | Entered Level 4 of the Snake Pit
 37134 | Snake:4  | Noticed Saint Roka
 37212 | Snake:4  | Noticed Donald
 37342 | Snake:4  | Killed Saint Roka
 37698 | Snake:4  | Reached skill level 1 in Evocations
 37752 | Snake:4  | Killed Donald
 37758 | Snake:4  | Reached skill level 10 in Armour
 38317 | Snake:4  | Noticed Agnes
 38336 | Snake:4  | Killed Agnes
 38793 | Snake:4  | Got a serpentine rune of Zot
 39339 | Elf:1    | Entered Level 1 of the Elven Halls
 39442 | Elf:1    | Found a magical portal.
 39445 | WizLab   | Entered Cigotuvi's Fleshworks
 39597 | WizLab   | Reached skill level 15 in Fighting
 39652 | WizLab   | Noticed Cigotuvi's Monster
 39809 | Elf:1    | Reached XP level 18. HP: 149/149 MP: 19/19
 39823 | Elf:1    | Identified Kikubaaqudgha's Catalogue of Black Secrets
 39949 | Elf:1    | Found a radiant altar of Vehumet.
 40880 | Elf:2    | Found a runed gate.
 40883 | Elf:2    | Found a runed gate.
 40884 | Elf:2    | Found a runed gate.
 41242 | Elf:3    | Entered Level 3 of the Elven Halls
 41265 | Elf:3    | Found Nousuuqem's Food Emporium.
 41269 | Elf:3    | Reached skill level 16 in Fighting
 41317 | Elf:3    | Found a frozen archway.
 41357 | IceCv    | Entered an ice cave
 42152 | Elf:3    | Noticed Roxanne
 42187 | Elf:3    | Killed Roxanne
 43529 | Elf:3    | Reached skill level 17 in Fighting
 43663 | Elf:3    | Got a shimmering copper ring
 43664 | Elf:3    | Identified the ring "Laikkufuli" {rElec Dex+4 Stlth-} (You took it off a deep elf blademaster on level 3 of the Elven Halls)
 44184 | Elf:3    | Reached XP level 19. HP: 161/161 MP: 19/21
 44486 | Elf:3    | Got a bloodstained ring mail
 44487 | Elf:3    | Identified the cursed +1 ring mail of Forking Paths {rC++ Str+3 Dex-5 SInv} (You found it on level 3 of the Elven Halls)
 45269 | D:15     | Entered Level 15 of the Dungeon
 45403 | D:15     | Found a staircase to the Depths.
 45479 | D:15     | Found Vuod's Antique Armour Shop.
 45487 | D:15     | Bought a heavily runed chain mail for 294 gold pieces
 45487 | D:15     | Bought a slimy ring mail for 279 gold pieces
 45487 | D:15     | Bought a runed cloak for 139 gold pieces
 45487 | D:15     | Bought a crude mottled dragon armour for 1395 gold pieces
 45487 | D:15     | Identified the cursed +1 mottled dragon armour of Puno {rC+} (You bought it in a shop on level 15 of the Dungeon)
 45489 | D:15     | Identified the cursed +1 chain mail "Umpurio" {rElec Regen+ Str+4} (You bought it in a shop on level 15 of the Dungeon)
 45491 | D:15     | Identified the +2 ring mail "Tadily" {rPois rF+ Stlth+} (You bought it in a shop on level 15 of the Dungeon)
 45543 | D:15     | Found Hupucri's Jewellery Boutique.
 46220 | Shoals:1 | Entered Level 1 of the Shoals
 46566 | Shoals:1 | Found a blossoming altar of Fedhas.
 46825 | Shoals:2 | Reached skill level 18 in Fighting
 48316 | Shoals:3 | Noticed Polyphemus
 48580 | Shoals:2 | Killed Polyphemus
 48682 | Shoals:3 | Found Emon's Antique Weapon Shop.
 48764 | Shoals:3 | Noticed 4thArraOfDagon's ghost (powerful MiBe)
 48788 | Shoals:3 | Killed 4thArraOfDagon's ghost
 49135 | Shoals:3 | Noticed Louise
 49158 | Shoals:3 | Killed Louise
 49277 | Shoals:4 | Entered Level 4 of the Shoals
 49510 | Shoals:4 | Got a twisted plate armour
 49534 | Shoals:4 | Identified the cursed +1 plate armour of Reumn {rF+ Dex+4 Stlth+} (You found it on level 4 of the Shoals)
 49651 | Shoals:4 | Noticed Ilsuiw
 49899 | Shoals:4 | Killed Ilsuiw
 51006 | Shoals:4 | Reached XP level 20. HP: 172/172 MP: 22/22
 51029 | Shoals:4 | Got a shimmering tin ring
 51032 | Shoals:4 | Identified the ring "Fijevujorot" {+Blink +Fly AC+4} (You found it on level 4 of the Shoals)
 51415 | Shoals:4 | Reached skill level 19 in Fighting
 51918 | Shoals:4 | Got a barnacled rune of Zot
 52348 | Vaults:1 | Entered Level 1 of the Vaults
 52348 | Vaults:1 | Found Kok Gaka's Jewellery Emporium.
 52391 | Vaults:1 | Found Firiqyb's Magic Scroll Shop.
 52406 | Vaults:1 | Found Pyer Mip's Book Shoppe.
 52965 | Vaults:1 | Found Zyrial's Assorted Antiques.
 53908 | Vaults:1 | Found Fef Qydo's Magic Scroll Emporium.
 53914 | Vaults:1 | Bought a scroll of blinking for 90 gold pieces
 53914 | Vaults:1 | Bought a scroll of recharging for 114 gold pieces
 54052 | Vaults:2 | Found a staircase to the Crypt.
 54052 | Vaults:2 | Found a basalt altar of Yredelemnul.
 54053 | Vaults:2 | Found an ancient bone altar of Kikubaaqudgha.
 54140 | Vaults:2 | Identified Plog's Catalogue of Snow and Darkness
 54168 | Vaults:2 | Found Nexzishrenom's Assorted Antiques.
 54300 | Vaults:2 | Reached skill level 5 in Evocations
 54804 | Vaults:2 | Reached skill level 20 in Fighting
 54850 | Vaults:2 | Found Gasog's General Store.
 55198 | Vaults:3 | Noticed Mara
 55226 | Vaults:3 | Noticed wvc's illusion
 55252 | Vaults:3 | Killed Mara
 55253 | Vaults:3 | Killed Mara
 55268 | Vaults:3 | Killed Mara
 55586 | Vaults:3 | Reached XP level 21. HP: 179/184 MP: 25/25
 55793 | Vaults:3 | Noticed Frederick
 55808 | Vaults:3 | Killed Frederick
 55968 | Vaults:3 | Found Leiffa's Antique Armour Boutique.
 55976 | Vaults:3 | Bought a runed cloak for 112 gold pieces
 57491 | Vaults:4 | Found Kimoumap's Armour Emporium.
 57681 | Vaults:4 | Reached skill level 21 in Fighting
 59137 | Vaults:4 | Reached skill level 15 in Armour
 59713 | Depths:1 | Entered Level 1 of the Depths
 60079 | Depths:1 | Identified the Reference Book on Supportive Curses
 60475 | Depths:1 | Noticed Norris
 60503 | Depths:1 | Killed Norris
 60799 | Depths:1 | Found a gateway to Hell.
 61239 | Depths:1 | Got a crude ivory ring
 61270 | Depths:1 | Identified the ring "Usamef" {+Fly rF+} (You found it on level 1 of the Depths)
 61373 | Depths:1 | Reached XP level 22. HP: 124/195 MP: 27/27
 61671 | Depths:1 | Reached skill level 10 in Dodging
 62285 | Depths:2 | Noticed Sar's ghost (great OpBe)
 62380 | Depths:2 | Killed Sar's ghost
 62921 | Depths:2 | Reached skill level 22 in Fighting
 63426 | Depths:2 | Found a one-way gate to the infinite horrors of the Abyss.
 63518 | Depths:2 | HP: 8/196 [entropy weaver (11)]
 64620 | Depths:2 | Found a runed door.
 65076 | Depths:3 | Noticed a juggernaut
 65336 | Depths:3 | Killed a juggernaut
 65352 | Depths:3 | Found Ryliurch's Antique Armour Boutique.
 65357 | Depths:3 | Bought an embroidered cloak for 108 gold pieces
 65357 | Depths:3 | Bought a pair of runed gloves for 108 gold pieces
 66216 | Depths:3 | Reached skill level 23 in Fighting
 66627 | Depths:3 | Found a one-way gate leading to the halls of Pandemonium.
 66943 | Depths:4 | Found a flickering gateway to a bazaar.
 66945 | Depths:4 | Found Zuupatanuu's Antique Armour Boutique.
 67036 | Bazaar   | Entered a bazaar
 67036 | Bazaar   | Found Ythrogh's Food Shop.
 67036 | Bazaar   | Found Ucrer's Armour Boutique.
 67333 | Bazaar   | Found Castuh's Gadget Shoppe.
 67339 | Bazaar   | Found Sehi Heu's Antique Armour Shop.
 67368 | Depths:4 | Bought an ancient cloak for 351 gold pieces
 67378 | Depths:4 | Identified the cursed +0 cloak of Ulutop {Int+3} (You bought it in a shop on level 4 of the Depths)
 67392 | Depths:4 | Bought a smoking plate armour for 1036 gold pieces
 67392 | Depths:4 | Identified the +0 plate armour of the First Snow {*Drain rPois rF+ Dex-2} (You bought it in a shop on level 4 of the Depths)
 67435 | Depths:4 | Reached XP level 23. HP: 207/207 MP: 29/29
 67447 | Depths:4 | Identified the Disquisition on Excruciating Enhancements
 67552 | Depths:4 | Slain by a caustic shrike

Vault maps used:
D:1:      minmay_arrival_split_and_join
D:2:      first_bread, nemelex_spade_bored_becter, uniq_iyjb
D:3:      nicolae_gozag_seed_capital, yredelemnul_forgotten_temple_becter,
          uniq_crazy_yiuf_cottage, uniq_grinder
D:4:      serial_shops, shop, nicolae_shop_temple_entry_statues_fountains,
          shop_fountains, nicolae_shop_behind_doors, trog_butcher_becter
D:5:      nicolae_tso_swordbearing_angel, grunt_qazlal_clouds,
          lemuel_crystal_altar, uniq_pikel, uniq_duvessa, uniq_eustachio,
          uniq_menkaure
D:6:      okawaru_trees_1, minmay_temple_entry_butterflies,
          gup_sewer_entry_bubbles
D:7:      serial_shops, nicolae_shop_behind_doors
D:8:      lemuel_bear_cage, kennysheep_mini_moat, uniq_erolcha, uniq_gastronok
D:9:      hangedman_cross_cluster, lair_0_dummy, uniq_prince_ribbit1
D:10:     zombieorc2_lemuel, serial_shops, shop_fountains, hangedman_fish_farm
D:11:     minmay_misc_feat_more_columns
D:12:     spider_trap, minmay_misc_feat_tiny
D:13:     hangedman_vaults_entry_quadrant_bands, serial_column_ruins,
          column_ruins_grid_1, column_ruins_grid_4, column_ruins_grid_1,
          column_ruins_columns_straight, column_ruins_open_tiny_water
D:14:     enter_trove_0, serial_bayou, serial_bayou_ford_a,
          serial_bayou_shore_a, serial_bayou_pond_a, serial_bayou_shore_b,
          uniq_urug, uniq_rupert, uniq_azrael, uniq_josephine
D:15:     grunt_enter_depths_snipers, serial_shops, shop
Lair:2:   serial_bayou, serial_bayou_lake_a, serial_bayou_crossing,
          serial_bayou_pond_b, serial_bayou_pond_b, uniq_erica
Lair:3:   guppyfry_snake_entry_island, infiniplex_staircase_pool
Lair:4:   pond, lemuel_fruit_tree
Lair:5:   grunt_forest_stairs_clearing, grunt_megastairs_2, serial_bayou_shore_b
Lair:6:   elwin_shoals_entry_stream
Lair:7:   nicolae_quartered_pool_super, beast_lair_carwin_2
Lair:8:   hangedman_lair_tendril_chambers, hangedman_lair_caniforms_friends,
          slime_altar_2, serial_bayou_shore_b
Shoals:1: lemuel_oklob_altar
Shoals:3: serial_shops, nicolae_shop_waterfront, uniq_polyphemus, uniq_louise
Shoals:4: shoals_end_hangedman, shoals_ilsuiw_alternative,
          nicolae_shoals_dead_sea_scrolls
Snake:1:  serial_bayou_shore_b, uniq_nikola, uniq_aizul, uniq_asterion
Snake:2:  nicolae_cobra_stairs, grunt_ministairs_4
Snake:3:  serial_shops, nicolae_shop_crystal, grunt_ministairs_4, uniq_jorgrun
Snake:4:  snake_pit, uniq_donald, uniq_agnes, uniq_saint_roka
Orc:1:    serial_shops, nicolae_shop_window_shopping
Orc:3:    serial_shops, nicolae_shop_behind_doors, nicolae_orc_pool_cavern,
          statue_in_the_mist_lemuel, uniq_harold
Orc:4:    st_orc_pillars, library_closet
Elf:1:    elf_arrival_001, basic_altar, mu_enter_wizlab_7,
          minmay_elf_necromancy, minivault_25_ag
Elf:2:    nicolae_elf_m_pinch
Elf:3:    elf_hall, portal_ice_cave_demonic_guard, serial_shops, shop_statue,
          uniq_roxanne
Vaults:1: vaults_room_ringed_pool, v_misc_14, nicolae_vaults_big_ls,
          nicolae_vaults_asterisk, hangedman_vaults_slice,
          hangedman_vaults_restitches, nicolae_vaults_shelves_hall,
          ontoclasm_vaults_fault, vaults_room_pool, ontoclasm_vaults_gallery,
          serial_shops, shop, shop, shop, nicolae_shop_stone
Vaults:2: v_rooms_1, hangedman_vaults_nodes, nicolae_vaults_yaktaur_gun_rack,
          v_misc_12, grunt_vaults_swirl, vaults_room_corners,
          minmay_crypt_entry_necro_gods, v_misc_17, vaults_dpeg_encased_lava,
          nicolae_vaults_little_squares_4, nicolae_vaults_shelves_hall,
          vaults_dpeg_diagonal, serial_shops, nicolae_shop_trees
Vaults:3: vaults_mumra_hex, vaults_room_octagon, hangedman_vaults_variations,
          ontoclasm_vaults_misaligned, uniq_frederick, uniq_mara
Vaults:4: v_alt_pattern_4, ontoclasm_vaults_tryst,
          hangedman_vaults_corner_blocks, nicolae_vaults_little_squares_3,
          v_misc_3, hangedman_vaults_stretched_pinwheel, vaults_room_fours,
          v_misc_30, v_misc_11, nicolae_vaults_three_branches,
          nicolae_vaults_alarming
Depths:1: serial_sigils_hangedman_scratch, hellmouth_1, roderic_lattice_a,
          minmay_protected_statue, uniq_norris
Depths:2: mludivico_vault, minmay_room_of_horrors, hex_medium, hell_entry,
          infiniplex_staircase_star
Depths:3: minmay_outward_triangles, hell_entry, grunt_pan_entry_sceptre,
          hangedman_decor_diamond_cutter, abyss_entry, infiniplex_staircase_x
Depths:4: hangedman_box_tower, serial_shops, bzr_entry_customers, serial_sigils,
          serial_sigils_hangedman_gut, serial_sigils_hangedman_scar, hell_entry,
          abyss_entry, minmay_hidden_floor, minmay_staircase_windowed_large
Bazaar:   bazaar_kb_twisted_cavern
IceCv:    ice_cave_tombish
WizLab:   wizlab_cigotuvi

Action                   |  1- 3 |  4- 6 |  7- 9 | 10-12 | 13-15 | 16-18 | 19-21 | 22-24 || total
-------------------------+-------+-------+-------+-------+-------+-------+-------+-------++-------
Melee: Flail             |   115 |   193 |    35 |   100 |       |       |       |       ||   443
       Whip              |       |       |   390 |   628 |       |       |       |       ||  1018
       Demon whip        |       |       |       |   401 |  2504 |  2254 |  3076 |  1299 ||  9534
Invok: Call Merchant     |       |       |       |     1 |     2 |       |     7 |       ||    10
       Potion Petition   |       |       |       |       |       |       |       |     1 ||     1
 Abil: Evoke Flight      |       |       |       |       |       |       |       |     1 ||     1
Evoke: Wand              |       |       |       |       |     2 |    19 |     1 |     8 ||    30
  Use: Scroll            |       |     7 |    14 |    17 |    27 |    16 |    12 |     7 ||   100
 Stab: Distracted        |       |       |       |     4 |    17 |    13 |    17 |     9 ||    60
       Held in net/web   |       |       |       |       |       |       |     1 |       ||     1
       Petrifying        |       |       |       |       |       |       |     1 |       ||     1
       Petrified         |       |       |       |       |       |       |     1 |       ||     1
       Fleeing           |       |       |       |       |       |       |     1 |       ||     1
       Invisible         |       |       |       |       |       |       |       |     4 ||     4
